 Dungeon Crawl Stone Soup version 0.23.1-37-gaa34b87b72 (webtiles) character file.

Game seed: 4304200862779754236

14095 GGGomer the Cleaver (level 11, -1/104 HPs)
             Began as a Minotaur Berserker on Mar 21, 2019.
             Was a High Priest of Trog.
             Succumbed to a redback's poison
             ... on level 1 of the Spider Nest.
             The game lasted 00:23:39 (10759 turns).

GGGomer the Cleaver (Minotaur Berserker)           Turns: 10759, Time: 00:23:39

Health: -1/104     AC: 22    Str: 24    XL:     11   Next: 84%
Magic:  10/10      EV:  9    Int:  7    God:    Trog [*****.]
Gold:   606        SH:  5    Dex: 11    Spells: 10/10 levels left

rFire    + . .     SeeInvis .   y - +11 war axe "Gobigoid" {elec, rF+ rN+ Int+3 Stlth+}
rCold    + . .     Gourm    +   x - +0 buckler
rNeg     + . .     Faith    .   D - +0 plate armour
rPois    .         Spirit   .   (helmet restricted)
rElec    .         Reflect  .   w - +0 cloak
rCorr    .         Harm     .   v - +2 pair of gloves
MR       .....                  (no boots)
Stlth    ..........             f - amulet of the gourmand
HPRegen  0.27/turn              j - +2 ring of protection
MPRegen  0.12/turn              n - ring of protection from cold

@: lethally poisoned (-1 -> -15), flying
A: retaliatory headbutt, horns 2
a: Berserk, Trog's Hand, Brothers in Arms, Renounce Religion


You were on level 1 of the Spider Nest.
You worshipped Trog.
Trog was extremely pleased with you.
You were full.

You visited 3 branches of the dungeon, and saw 11 of its levels.

You collected 606 gold pieces.

Inventory:

Hand Weapons
 y - the +11 war axe "Gobigoid" (weapon) {elec, rF+ rN+ Int+3 Stlth+}
   (You found it on level 5 of the Dungeon)

   Occasionally, upon striking a foe, it will discharge some electrical energy
   and cause terrible harm.
   It affects your intelligence (+3).
   It protects you from fire.
   It protects you from negative energy.
   It makes you more stealthy.
 E - a +2 war axe of flaming
Armour
 v - a +2 pair of gloves (worn)
 w - a +0 cloak (worn)
 x - a +0 buckler (worn)
 D - a +0 plate armour (worn)
Jewellery
 f - an amulet of the gourmand (around neck)
 j - a +2 ring of protection (left hand)
 n - a ring of protection from cold (right hand)
 B - an uncursed ring of protection from magic
 H - an uncursed ring of ice
 I - a cursed ring of teleportation {unknown}
Wands
 i - a wand of digging (2)
 t - a wand of enslavement (8)
 F - a wand of iceblast (10)
Scrolls
 a - 2 scrolls of noise {unknown}
 b - 5 scrolls of teleportation {unknown}
 c - 3 scrolls of remove curse {unknown}
 e - 5 scrolls of enchant weapon {unknown}
 h - 9 scrolls of identify
 k - a scroll of magic mapping {unknown}
 l - 2 scrolls of fear {unknown}
 o - 3 scrolls of blinking {unknown}
 q - 2 scrolls of fog {unknown}
 G - a scroll of random uselessness {unknown}
Potions
 d - 3 potions of lignification
 g - 4 potions of agility
 m - 8 potions of heal wounds {unknown}
 p - a potion of invisibility {unknown}
 r - a potion of brilliance {unknown}
 u - 4 potions of might
 z - a potion of curing {unknown}
 A - a potion of berserk rage {unknown}
Comestibles
 s - 9 rations


   Skills:
 + Level 11.7 Fighting
 + Level 14.6 Axes
 + Level 11.0 Armour
 + Level 5.3 Dodging
 + Level 2.1 Stealth
 + Level 4.6 Shields


You had 10 spell levels left.
You didn't know any spells.
Your spell library contained the following spells:

 Spells                   Type           Power        Failure   Level  Hunger
 Recall                   Summ/Tloc      N/A          100%        3    ####...
 Aura of Abjuration       Summ           #.........   100%        5    ######.
 Summon Demon             Summ           #.........   100%        5    ######.
 Summon Forest            Summ/Tloc      #.........   100%        5    ######.
 Summon Mana Viper        Hex/Summ       #.......     100%        5    ######.
 Shadow Creatures         Summ           N/A          100%        6    #######


Dungeon Overview and Level Annotations

Branches:
Dungeon (8/15)             Temple (0/1) D:6            Lair (2/6) D:8
 Spider (1/4) Lair:2
  Swamp: Lair:2-4    Shoals: Lair:2-4

Altars:
Ashenzari
Zin

Shops:
D:6 (


Innate Abilities, Weirdness & Mutations

You reflexively headbutt those who attack you in melee.
You have a pair of horns on your head.


Message History

You feel sick.
Okay, then.
Okay, then.
As you read the scroll labeled IHOYTW KUHA, it crumbles to dust.
It is a scroll of identify.
g - 4 potions of agility
* * * LOW HITPOINT WARNING * * *
You feel sick.
As you read the scroll of identify, it crumbles to dust.
d - 3 potions of lignification
* * * LOW HITPOINT WARNING * * *
You feel sick.
As you read the scroll of identify, it crumbles to dust.
u - 4 potions of might
* * * LOW HITPOINT WARNING * * *
You feel sick.
It was a potion of flight.
You feel very buoyant.
You fly up into the air.
You die...

.#.........
#.....?....
#..........
.......... ....○....
### #.......s #..##.#
.###...#†######
#.#....†@..#...
#.^...†##......
##......#.......
..#...............
............#..... .#
.#.........## .### .#
...........# ## .#
...........########.#
#...........#...(...#


There were no monsters in sight!

Vanquished Creatures
  Gastronok (Lair:2)
  Fannar (Lair:2)
  A catoblepas (Lair:2)
  A wolf spider (Spider:1)
  4 elephants (Lair:2)
  A spiny frog (Lair:2)
  A rime drake (Lair:2)
  2 jumping spiders (Spider:1)
  A troll (D:8)
  A polar bear (Lair:2)
  Prince Ribbit (D:5)
  3 hippogriffs
  5 blink frogs (Lair:2)
  8 redbacks
  Sigmund (D:3)
  2 tarantellas (Spider:1)
  2 basilisks (Lair:2)
  4 yaks (Lair:1)
  Menkaure (D:5)
  A water moccasin (D:7)
  3 orc warriors
  4 porcupines (Lair:1)
  3 ice beasts
  A sky beast (D:2)
  2 ogres
  3 crocodiles (Lair:2)
  A necrophage (D:6)
  2 centaurs (D:8)
  A wolf (D:8)
  3 bullfrogs
  A wyvern skeleton (D:8)
  2 scorpions
  4 killer bees
  2 electric eels (D:8)
  A bullfrog skeleton (D:8)
  3 centaur skeletons
  8 hounds
  7 orc priests
  2 iguanas
  Terence (D:2)
  5 orc wizards
  5 worker ants
  7 gnolls
  11 adders
  3 shadow imps
  5 worms
  3 dart slugs
  2 leopard geckos (D:2)
  29 orcs
  2 ball pythons
  5 bats
  4 giant cockroaches
  5 goblins
  3 hobgoblins
  4 jackals
  2 quokkas
  A ball python zombie (D:5)
  6 frilled lizards
  A jackal zombie (D:8)
  4 kobolds
  2 leopard gecko skeletons
  2 quokka zombies (D:5)
  3 rats
  2 fungi
  A plant (Lair:2)
213 creatures vanquished.

Notes
Turn   | Place    | Note
-------+----------+-------------------------------------------
     0 | D:1      | GGGomer the Minotaur Berserker began the quest for the Orb.
     0 | D:1      | Reached XP level 1. HP: 19/19 MP: 0/0
   302 | D:1      | Reached XP level 2. HP: 25/27 MP: 1/1
   447 | D:1      | Reached skill level 4 in Axes
   774 | D:2      | Noticed Terence
   784 | D:2      | Killed Terence
   784 | D:2      | Reached XP level 3. HP: 23/34 MP: 2/2
  1033 | D:2      | Reached XP level 4. HP: 20/41 MP: 3/3
  1611 | D:2      | Noticed a sky beast
  1626 | D:2      | HP: 2/41 [something (6)]
  1627 | D:2      | Killed a sky beast
  1627 | D:2      | Reached ** piety under Trog
  1627 | D:2      | Reached skill level 5 in Axes
  1627 | D:2      | Reached XP level 5. HP: 2/47 MP: 4/4
  2039 | D:2      | Reached skill level 5 in Fighting
  2293 | D:3      | Noticed Sigmund
  2307 | D:3      | Killed Sigmund
  2307 | D:3      | Reached XP level 6. HP: 45/56 MP: 5/5
  2531 | D:3      | Found a shattered altar of Ashenzari.
  3059 | D:4      | Reached skill level 6 in Axes
  3736 | D:4      | Reached skill level 5 in Armour
  3736 | D:4      | Reached XP level 7. HP: 43/62 MP: 6/6
  4345 | D:5      | Entered Level 5 of the Dungeon
  4491 | D:5      | Reached skill level 1 in Stealth
  4501 | D:5      | HP: 1/62 [orc priest/divine providence (13)]
  5021 | D:5      | Noticed Prince Ribbit
  5023 | D:5      | Found a sand-covered staircase.
  5074 | D:5      | Killed Prince Ribbit
  5074 | D:5      | Reached skill level 7 in Axes
  5502 | D:5      | Noticed Menkaure
  5512 | D:5      | Killed Menkaure
  5512 | D:5      | Reached skill level 1 in Shields
  5512 | D:5      | Reached XP level 8. HP: 34/71 MP: 7/7
  5866 | D:5      | Got a shimmering war axe
  5867 | D:5      | Identified the +11 war axe "Gobigoid" {elec, rF+ rN+ Int+3
                  | Stlth+} (You found it on level 5 of the Dungeon)
  6161 | D:6      | Reached *** piety under Trog
  6210 | D:6      | Found a staircase to the Ecumenical Temple.
  6210 | D:6      | Found Toesoxt's Antique Weapon Boutique.
  6328 | D:6      | Reached skill level 8 in Axes
  6919 | D:7      | Reached skill level 9 in Axes
  6924 | D:7      | Reached XP level 9. HP: 61/79 MP: 8/8
  7125 | D:7      | Found a glowing silver altar of Zin.
  7463 | D:8      | Reached skill level 10 in Axes
  7622 | D:8      | Reached **** piety under Trog
  7633 | D:8      | Noticed a troll
  7643 | D:8      | Killed a troll
  7650 | D:8      | Found a staircase to the Lair.
  8063 | D:8      | Found a glowing silver altar of Zin.
  8133 | D:8      | Reached skill level 11 in Axes
  8766 | Lair:1   | Entered Level 1 of the Lair of Beasts
  8772 | Lair:1   | Reached XP level 10. HP: 72/90 MP: 9/9
  9068 | Lair:1   | Reached skill level 5 in Dodging
  9149 | Lair:1   | You fall through a shaft!
  9156 | Lair:2   | Reached skill level 12 in Axes
  9238 | Lair:2   | Reached skill level 10 in Fighting
  9276 | Lair:2   | Noticed Gastronok
  9286 | Lair:2   | Killed Gastronok
  9286 | Lair:2   | Reached skill level 13 in Axes
  9286 | Lair:2   | Reached XP level 11. HP: 91/101 MP: 10/10
  9310 | Lair:2   | Noticed Fannar
  9318 | Lair:2   | Reached ***** piety under Trog
  9318 | Lair:2   | Reached skill level 10 in Armour
  9326 | Lair:2   | Killed Fannar
  9620 | Lair:2   | Found a hole to the Spider Nest.
  9756 | Lair:2   | Noticed a catoblepas
  9772 | Lair:2   | Killed a catoblepas
  9951 | Lair:2   | Reached skill level 14 in Axes
 10562 | Spider:1 | Entered Level 1 of the Spider Nest
 10582 | Spider:1 | Noticed a wolf spider
 10586 | Spider:1 | Killed a wolf spider
 10755 | Spider:1 | HP: 5/104 [poisoned by a redback]
 10757 | Spider:1 | HP: 2/104 [poisoned by a redback]
 10759 | Spider:1 | Succumbed to a redback's poison

Skill      XL: |  1  2  3  4  5  6  7  8  9 10 11 |
---------------+----------------------------------+-----
Fighting       | 4 5 6 7 8 10 11 | 11.7
Axes           | 4 5 6 7 9 11 13 14 | 14.6
Armour         | 3 4 5 6 7 8 9 11 | 11.0
Dodging        | 3 4 5 |  5.3
Stealth        | 1 2 |  2.1
Shields        | 1 2 4 |  4.6

Action                   |  1- 3 |  4- 6 |  7- 9 | 10-12 || total
-------------------------+-------+-------+-------+-------++-------
Melee: Hand axe          |    65 |   132 |    74 |       ||   271
       Headbutt          |     7 |    21 |    32 |    28 ||    88
       War axe           |       |       |   128 |   123 ||   251
Invok: Berserk           |       |       |     4 |       ||     4
  Use: Scroll            |       |       |       |     3 ||     3
       Potion            |       |       |       |     1 ||     1
  Eat: Ration            |       |     3 |     5 |       ||     8
       Chunk             |       |     4 |       |     8 ||    12
Armor: Animal skin       |     9 |       |       |       ||     9
       Ring mail         |    15 |    34 |    16 |       ||    65
       Chain mail        |       |       |    26 |       ||    26
       Plate armour      |       |       |    63 |   111 ||   174
Dodge: Dodged            |    41 |    95 |   119 |    51 ||   306
Block: Buckler           |       |       |    32 |    23 ||    55
